 Dungeon Crawl Stone Soup version 0.21-a0-265-gb353147 (webtiles) character file.

38319 Jail the Basher (level 13, -1/135 HPs)
             Began as a Troll Berserker on Sept 10, 2017.
             Was a High Priest of Trog.
             Engulfed by an ice statue's freezing vapour (18 damage)
             ... in an ice cave.
             The game lasted 01:22:13 (15856 turns).

Jail the Basher (Troll Berserker)                  Turns: 15856, Time: 01:22:14

Health: -1/135     AC:  7    Str: 32    XL:     13   Next: 63%
Magic:  10/10      EV: 13    Int:  5    God:    Trog [*****.]
Gold:   504        SH:  0    Dex:  9    Spells: 12/12 levels left

rFire    . . .     SeeInvis .   L - +7 flail
rCold    . . .     Gourm    +   (no shield)
rNeg     . . .     Faith    .   R - +0 troll leather armour
rPois    .         Spirit   .   (helmet restricted)
rElec    .         Reflect  .   (no cloak)
rCorr    .         Harm     .   (gloves unavailable)
MR       +....                  (boots unavailable)
Stlth    +.........             P - amulet of regeneration
HPRegen  1.92/turn              H - +2 ring of strength
MPRegen  0.12/turn              s - ring of protection from magic

@: no status effects
A: unfitting armour, claws 3, talons 1, fast metabolism 3, gourmand, low mp 1,
regeneration 2, shaggy fur 1, tough skin 2
a: Berserk, Trog's Hand, Brothers in Arms, Burn Spellbooks, Renounce Religion


You were in an ice cave.
You worshipped Trog.
Trog was extremely pleased with you.
You were very full.

You visited 2 branches of the dungeon, and saw 15 of its levels.
You also visited: Labyrinth and Ice Cave.

You collected 913 gold pieces.
You spent 409 gold pieces at shops.

Inventory:

Hand Weapons
 e - a +1 flail of holy wrath
 m - a +4 blowgun
 I - a +0 giant spiked club
 L - a +7 flail (weapon)
Missiles
 a - 4 tomahawks of returning
 k - 41 poisoned needles
 x - 18 curare-tipped needles
 y - 5 needles of sleeping
 C - 4 javelins
 K - 3 poisoned javelins
 V - 4 large rocks (quivered)
Armour
 b - a +1 animal skin
 R - a +0 troll leather armour (worn)
Jewellery
 f - a +3 ring of dexterity
 l - an uncursed ring of magical power
 s - a ring of protection from magic (right claw)
 H - a +2 ring of strength (left claw)
 P - an amulet of regeneration (around neck)
 W - a cursed ring of teleportation
Wands
 c - a wand of acid (8/15)
 i - a wand of digging (2/24)
 p - a wand of polymorph (18/24)
 r - a wand of iceblast (4/15)
 t - a wand of flame (11/48)
 A - a wand of lightning (7/15)
 B - a wand of confusion (20/48)
 D - a wand of confusion (28/48)
 E - a wand of polymorph (11/24)
 F - a wand of random effects (27/48)
 O - a wand of iceblast (7/15)
 Q - a wand of iceblast (8/15)
 U - a wand of polymorph (5/24)
 X - a wand of confusion (18/48)
 Y - a wand of iceblast (6/15)
 Z - a wand of enslavement (10/24)
Scrolls
 g - 4 scrolls of remove curse
 h - 2 scrolls of fog
 j - 10 scrolls of identify
 o - 4 scrolls of recharging
 N - 3 scrolls of enchant armour
Potions
 n - 7 potions of curing
 q - 4 potions of flight
 v - 2 potions of brilliance
 z - 2 potions of ambrosia
 J - a potion of agility
 T - a potion of magic
Comestibles
 d - 3 royal jellies
 u - 2 meat rations
 w - 20 chunks of flesh
 G - 8 bread rations


   Skills:
 * Level 10.5 Fighting
 * Level 11.1 Maces & Flails
 * Level 11.0 Throwing
 + Level 3.7 Armour
 + Level 9.8 Dodging


You had 12 spell levels left.
You didn't know any spells.

Dungeon Overview and Level Annotations

Branches:
Dungeon (14/15)            Temple (0/1) D:6            Lair (1/6) D:8
    Orc (0/2) D:9          Vaults (0/5) D:13

Altars:
Ashenzari
Dithmenos
Elyvilon
Gozag
Kikubaaqudgha
Nemelex Xobeh
Ru
Sif Muna
Wu Jian
Xom
Yredelemnul
Zin

Shops:
D:6 !   D:9 *%:

Annotations:
D:8 BEES!, exclusions: killer bee and 1 more exclusion
D:12 !Sonja/Dagger of distortion IceCv exclusion: ice statue


Innate Abilities, Weirdness & Mutations

You are too large for most types of armour.
You have claws for hands.
Your metabolism is lightning-fast.
You like to eat raw meat.
You heal very quickly.
You are covered in fur. (AC +1)
You have very tough skin. (AC +2)
You have sharp toenails.
Your magical capacity is low. (-10% MP)


Message History

The ice statue is heavily damaged.
You are engulfed in freezing vapours.
The ice beast barely misses you.
You sock the ice statue!
You claw the ice statue, but do no damage.
The ice statue is severely damaged.
You are engulfed in freezing vapours.
* * * LOW HITPOINT WARNING * * *
The ice beast hits you.
* * * LOW HITPOINT WARNING * * *
The ice beast freezes you!
* * * LOW HITPOINT WARNING * * *
You feel much better.
You are engulfed in freezing vapours.
* * * LOW HITPOINT WARNING * * *
The ice beast hits you.
* * * LOW HITPOINT WARNING * * *
The ice beast freezes you!
* * * LOW HITPOINT WARNING * * *
Okay, then.
You fail to use your ability.
You are engulfed in freezing vapours.
You die...

#...###.###
##..#####.##
##..###...#
##......##
#....#..#
##.####.#
#####..#
##.##§§#
#.@§§.##
#..8§Y§##
#..#..####
#. #.# ##


You could see an ice statue and an ice beast.

Vanquished Creatures
  Josephine (D:11)
  A minotaur (Lab)
  An ogre mage (D:13)
  2 hydras
  4 two-headed ogres
  5 centaur warriors
  Sonja (D:12)
  An unseen horror (D:12)
  An orc knight (D:13)
  Pikel (D:3)
  A cyclops (D:13)
  2 manticores
  5 ugly things
  Maurice (D:9)
  Joseph (D:7)
  A gargoyle (D:13)
  A kobold demonologist (D:13)
  4 centaur zombies
  5 yaktaurs (D:13)
  2 trolls (D:11)
  A polar bear (IceCv)
  4 hornets
  9 slime creatures
  8 hippogriffs
  Sigmund (D:3)
  A redback (Lab)
  A shadow (D:11)
  5 wraiths
  2 wyverns (D:11)
  15 yaks
  A steam dragon (D:8)
  4 vampire mosquitoes (D:11)
  5 hungry ghosts
  Menkaure (D:7)
  2 hell hounds (D:8)
  3 water moccasins
  A porcupine (Lair:1)
  A soldier ant (D:8)
  3 orc warriors
  An eye of draining (D:13)
  A phantom (D:9)
  3 sky beasts
  2 black bears
  2 ice beasts
  3 wolves (Lair:1)
  12 ogres
  3 necrophages
  9 centaurs
  A crocodile (Lair:1)
  4 big kobolds
  The ghost of h4rt the Sneak, an amateur SpEn (D:4)
  14 bullfrogs
  2 scorpions
  A troll zombie (D:9)
  11 wights
  12 howler monkeys
  5 crimson imps
  A bullfrog zombie (D:11)
  4 jellies
  A bullfrog skeleton (D:11)
  5 hounds
  7 orc priests
  5 centaur skeletons
  A gnoll shaman (D:6)
  4 orc wizards
  5 iguanas
  11 worker ants
  A killer bee zombie (D:10)
  5 ogre zombies (D:9)
  A worker ant zombie (D:5)
  3 gnolls (D:6)
  17 adders
  A shadow imp (D:2)
  2 adder zombies
  A worm (D:2)
  A dart slug (D:2)
  3 leopard geckos
  34 orcs
  3 giant cockroaches
  4 hobgoblins
  4 jackals (D:7)
  17 kobolds
  4 quokkas
  A ball python (D:5)
  7 bats
  4 frilled lizards
  7 goblins
  2 goblin skeletons (D:9)
  2 goblin zombies (D:9)
  2 hobgoblin zombies (D:9)
  A jackal skeleton (D:4)
  4 orc skeletons (D:9)
  9 orc zombies (D:9)
  4 rats
384 creatures vanquished.

Vanquished Creatures (collateral kills)
  A centaur warrior (D:10)
  2 slime creatures
  2 polar bears (IceCv)
  3 meliai (D:10)
  3 yaks (IceCv)
  2 wraiths (D:11)
  2 wolves (IceCv)
15 creatures vanquished.

Vanquished Creatures (others)
  3 slaves (D:4)
  An ogre (D:4)
  An orc priest (D:4)
5 creatures vanquished.

Grand Total: 404 creatures vanquished

Notes
Turn   | Place    | Note
-------+----------+-------------------------------------------
     0 | D:1      | Jail the Troll Berserker began the quest for the Orb.
     0 | D:1      | Reached XP level 1. HP: 22/22 MP: 0/0
    89 | D:1      | Found a shattered altar of Ashenzari.
   382 | D:1      | Reached XP level 2. HP: 21/29 MP: 1/1
   756 | D:1      | Reached ** piety under Trog
   887 | D:2      | Reached XP level 3. HP: 33/36 MP: 2/2
   898 | D:2      | Found a white marble altar of Elyvilon.
  1024 | D:2      | Reached skill level 1 in Throwing
  1056 | D:2      | Found a glowing silver altar of Zin.
  1167 | D:2      | Reached XP level 4. HP: 22/44 MP: 3/3
  1350 | D:2      | Found a shadowy altar of Dithmenos.
  1480 | D:3      | Noticed Sigmund
  1534 | D:3      | Killed Sigmund
  1534 | D:3      | Reached XP level 5. HP: 14/53 MP: 4/4
  2190 | D:4      | Noticed h4rt's ghost (amateur SpEn)
  2281 | D:4      | Reached XP level 6. HP: 13/61 MP: 5/5
  2371 | D:4      | Killed h4rt's ghost
  2418 | D:4      | Noticed a slave
  2418 | D:4      | Noticed a slave
  2420 | D:4      | Noticed Pikel
  2423 | D:4      | Noticed a slave
  2424 | D:4      | Noticed a slave
  2535 | D:3      | Killed Pikel
  2535 | D:3      | Reached XP level 7. HP: 70/70 MP: 6/6
  2832 | D:4      | Reached skill level 5 in Maces & Flails
  2845 | D:4      | Found a sacrificial altar of Ru.
  3375 | D:5      | Entered Level 5 of the Dungeon
  3513 | D:5      | Reached XP level 8. HP: 69/79 MP: 7/7
  3999 | D:5      | Reached skill level 5 in Fighting
  3999 | D:5      | Reached skill level 5 in Dodging
  4769 | D:6      | Found Tiumaumi's Distillery.
  4786 | D:6      | Gained mutation: Your magical capacity is low. (-10% MP) [potion of mutation]
  4786 | D:6      | Gained mutation: You have sharp toenails. [potion of mutation]
  4786 | D:6      | Gained mutation: You heal very quickly. [potion of mutation]
  4830 | D:6      | Found an opulent altar of Gozag.
  4923 | D:6      | Bought a potion of heal wounds for 70 gold pieces
  5019 | D:6      | Reached skill level 5 in Throwing
  5029 | D:6      | Got a pair of twisted boots
  5053 | D:6      | Found a sparkling altar of Nemelex Xobeh.
  5061 | D:6      | Reached XP level 9. HP: 86/88 MP: 7/7
  5196 | D:6      | Found a staircase to the Ecumenical Temple.
  5528 | D:7      | Noticed Menkaure
  5539 | D:7      | Killed Menkaure
  5645 | D:7      | Reached *** piety under Trog
  5885 | D:7      | Found an ornate altar of the Wu Jian Council.
  6168 | D:7      | Noticed Joseph
  6182 | D:7      | Killed Joseph
  6359 | D:6      | Bought a potion of curing for 42 gold pieces
  6359 | D:6      | Bought a potion of curing for 42 gold pieces
  6600 | D:8      | Reached XP level 10. HP: 100/100 MP: 8/8
  6671 | D:8      | Found a staircase to the Lair.
  6990 | D:8      | Found an ancient bone altar of Kikubaaqudgha.
  7019 | D:8      | Found a basalt altar of Yredelemnul.
  7246 | D:8      | Found a shimmering altar of Xom.
  7248 | D:8      | Found a shimmering altar of Xom.
  7248 | D:8      | Found a stormy altar of Qazlal.
  7250 | D:8      | Found a bloodstained altar of Trog.
  7250 | D:8      | Found a stormy altar of Qazlal.
  7250 | D:8      | Found a shattered altar of Ashenzari.
  7543 | D:9      | Received a gift from Trog
  7590 | D:9      | Found a staircase to the Orcish Mines.
  7696 | D:9      | Reached **** piety under Trog
  7886 | D:9      | Found Geniofai's Book Shoppe.
  8056 | D:9      | Found Geuwk's Assorted Antiques.
  8056 | D:9      | Noticed Maurice
  8066 | D:9      | Killed Maurice
  8120 | D:9      | Bought a scroll of enchant weapon for 255 gold pieces
  8427 | D:9      | Found Hogu's Food Shop.
  8708 | D:10     | Entered Level 10 of the Dungeon
  8833 | D:10     | Noticed a cyan ugly thing
  8886 | D:10     | Killed a cyan ugly thing
  9093 | D:10     | Reached XP level 11. HP: 41/109 MP: 8/8
  9264 | D:10     | Paralysed by a hornet for 1 turns
  9402 | D:10     | Found a deep blue altar of Sif Muna.
  9430 | D:10     | Noticed a two-headed ogre
  9481 | D:10     | Killed a two-headed ogre
  9627 | D:10     | Noticed a centaur warrior
  9642 | D:10     | Killed a centaur warrior
 10118 | D:11     | Noticed a six-headed hydra
 10128 | D:11     | Killed a six-headed hydra
 10203 | D:11     | Noticed a white ugly thing
 10221 | D:11     | Killed a white ugly thing
 10760 | D:12     | Noticed a red ugly thing
 10884 | D:11     | Killed a red ugly thing
 10930 | D:12     | Noticed a green ugly thing
 10967 | D:11     | Killed a green ugly thing
 11297 | D:12     | Noticed Josephine
 11617 | D:11     | Reached XP level 12. HP: 47/122 MP: 9/9
 11631 | D:11     | Killed Josephine
 12045 | D:12     | Reached skill level 1 in Armour
 12278 | D:12     | Noticed a centaur warrior
 12306 | D:12     | Killed a centaur warrior
 12306 | D:12     | Reached skill level 10 in Maces & Flails
 12404 | D:12     | Identified the Collected Works on Evil Rituals
 12657 | D:12     | Noticed Sonja
 12865 | D:13     | Noticed a seven-headed hydra
 12875 | D:13     | Killed a seven-headed hydra
 12877 | D:13     | Noticed a centaur warrior
 12899 | D:13     | Killed a centaur warrior
 13193 | D:13     | Noticed a centaur warrior
 13197 | D:13     | Killed a centaur warrior
 13197 | D:13     | Reached skill level 10 in Throwing
 13504 | D:13     | Noticed a two-headed ogre
 13522 | D:13     | Killed a two-headed ogre
 13522 | D:13     | Received a gift from Trog
 13626 | D:13     | Reached XP level 13. HP: 69/131 MP: 10/10
 13745 | D:13     | Reached ***** piety under Trog
 14039 | D:13     | Reached skill level 10 in Fighting
 14237 | D:13     | Found a gate to the Vaults.
 14798 | D:14     | Found a labyrinth entrance.
 14812 | Lab      | Entered a labyrinth
 15143 | Lab      | Noticed a minotaur
 15146 | Lab      | Killed a minotaur
 15383 | D:12     | Killed Sonja
 15636 | Lair:1   | Entered Level 1 of the Lair of Beasts
 15721 | Lair:1   | Found a frozen archway.
 15727 | IceCv    | Entered an ice cave
 15856 | IceCv    | Engulfed by an ice statue's freezing vapour

Vault maps used:
D:1:      dpeg_chamrin_arrival_tetris, ashenzari_altar_1
D:2:      old_standard_altar, nicolae_overflow_hidden_temple,
          overflow_temple_1_default
D:3:      first_bread, corexii_shack, uniq_sigmund
D:4:      nicolae_ru_awakened_eye, uniq_pikel
D:6:      nemelex_xobeh_ov_fountains_minmay, minmay_temple_entry_grid,
          serial_shops, nicolae_shop_stone, grunt_gozag_statues
D:7:      cheibrodos_iron_armory, kennysheep_mini, grunt_ministairs_10,
          uniq_menkaure, uniq_joseph
D:8:      doesnt_xom_only_xom, kennysheep_little_box, lemuel_doored_altar,
          minmay_lair_entry_lava, hangedman_pestilent_swarm,
          kennysheep_cluttered_room, trog_ov_bears_minmay
D:9:      zombieorc1_lemuel, serial_shops, shop, shop_coins,
          kennysheep_mini_moat, uniq_maurice
D:10:     lemuel_blue_sif_altar
D:12:     uniq_josephine, uniq_sonja
D:13:     hangedman_vaults_entry_quadrant_bands
D:14:     lab_entry_generic, zin_angel
Lair:1:   portal_ice_cave_entry_pillars_2, beast_lair_carwin_6
Lab:      labyrinth_spiral, lab_statue, lab_fountain, lab_block,
          nicolae_lab_starburst, nicolae_lab_checkerboard, nicolae_lab_x,
          nicolae_lab_swirl, nicolae_lab_t_cross
IceCv:    ice_cave_caverns_02

Skill      XL: |  1  2  3  4  5  6  7  8  9 10 11 12 13 |
---------------+----------------------------------------+-----
Maces & Flails | 3 4 5 6 7 8 9 10 11 | 11.1
Throwing       | 1 2 3 5 6 7 9 10 11 | 11.0
Dodging        | 3 4 5 6 7 8 9 |  9.8
Fighting       | 3 4 5 6 7 8 9 10 | 10.5
Armour         | 2 3 |  3.7

Action                   |  1- 3 |  4- 6 |  7- 9 | 10-12 | 13-15 || total
-------------------------+-------+-------+-------+-------+-------++-------
Melee: Mace              |   125 |    85 |       |       |       ||   210
       Whip              |       |       |   162 |       |       ||   162
       Flail             |       |       |   122 |   741 |   132 ||   995
       Kick              |       |       |    37 |   267 |    62 ||   366
 Fire: Hunting sling     |       |       |     8 |    31 |       ||    39
       Blowgun           |       |       |       |       |    29 ||    29
Throw: Stone             |    10 |    14 |    31 |    21 |       ||    76
       Javelin           |       |       |       |    75 |       ||    75
       Tomahawk          |       |       |       |     4 |     7 ||    11
       Large rock        |       |       |       |       |    17 ||    17
Invok: Berserk           |     1 |     6 |     2 |     5 |     2 ||    16
       Trog's Hand       |     1 |     2 |     1 |     8 |     2 ||    14
       Burn Spellbooks   |       |       |     1 |     1 |       ||     2
       Brothers in Arms  |       |       |       |     5 |     2 ||     7
Evoke: Wand              |       |       |       |       |     2 ||     2
  Use: Scroll            |       |       |    12 |    13 |     3 ||    28
       Potion            |       |       |    11 |     3 |     3 ||    17
 Stab: Distracted        |       |       |       |     1 |       ||     1
  Eat: Chunk             |    10 |    10 |    35 |    78 |    22 ||   155
       Bread ration      |       |     2 |     2 |     1 |       ||     5
       Meat ration       |       |       |       |     1 |       ||     1
       Royal jelly       |       |       |       |     8 |     2 ||    10
       Fruit             |       |       |       |     3 |       ||     3
Armor: Animal skin       |    99 |    20 |    59 |    86 |       ||   264
       Troll leather arm |       |       |       |   152 |    28 ||   180
Dodge: Dodged            |   117 |    51 |   150 |   535 |    88 ||   941

Table legend:
 A = Spawn XP
 B = Non-spawn XP
 C = Spawn XP percentage of total XP
 D = Spawn monster count
 E = Non-spawn monster count
 F = Spawn count percentage of total count
 G = Total turns spent on level
                    A         B        C        D         E        F      G
               +---------+---------+-------+---------+---------+-------+---------
         Total |       0 |   54742 |   0.0 |       0 |     399 |   0.0 | 15856
               +---------+---------+-------+---------+---------+-------+---------
           D:1 |       0 |      33 |   0.0 |       0 |      22 |   0.0 |   858
           D:2 |       0 |     101 |   0.0 |       0 |      16 |   0.0 |   590
           D:3 |       0 |     824 |   0.0 |       0 |       8 |   0.0 |  1070
           D:4 |       0 |     421 |   0.0 |       0 |      11 |   0.0 |   953
           D:5 |       0 |    1022 |   0.0 |       0 |      16 |   0.0 |  1247
           D:6 |       0 |     755 |   0.0 |       0 |      16 |   0.0 |   947
           D:7 |       0 |    1456 |   0.0 |       0 |      25 |   0.0 |   768
           D:8 |       0 |    1881 |   0.0 |       0 |      23 |   0.0 |  1072
           D:9 |       0 |    2589 |   0.0 |       0 |      57 |   0.0 |  1262
          D:10 |       0 |    4817 |   0.0 |       0 |      33 |   0.0 |  1314
          D:11 |       0 |   10846 |   0.0 |       0 |      57 |   0.0 |  2068
          D:12 |       0 |    7102 |   0.0 |       0 |      32 |   0.0 |   967
          D:13 |       0 |   13729 |   0.0 |       0 |      51 |   0.0 |  1858
          D:14 |       0 |    4674 |   0.0 |       0 |       9 |   0.0 |   315
        Lair:1 |       0 |    1333 |   0.0 |       0 |       9 |   0.0 |    91
           Lab |       0 |    1655 |   0.0 |       0 |       4 |   0.0 |   347
         IceCv |       0 |    1504 |   0.0 |       0 |      10 |   0.0 |   129
               +---------+---------+-------+---------+---------+-------+---------
